 Dungeon Crawl Stone Soup version 0.30.1-3-gfc49f6343a (webtiles) character file.

Game seed: 18111552407687394098

53 Atelerd the Digger (level 3, -1/21 HPs)
             Began as an Octopode Earth Elementalist on July 31, 2023.
             Slain by Sigmund
             ... wielding a +0 scythe
              (11 damage)
             ... on level 2 of the Dungeon.
             The game lasted 00:01:09 (1395 turns).

Atelerd the Digger (Octopode Earth Elementalist)    Turns: 1395, Time: 00:01:09

Health: -1/21      AC:  1    Str:  7    XL:     3   Next: 87%
Magic:  3/6        EV: 14    Int: 17    God:
Gold:   42         SH:  0    Dex: 20    Spells: 6/7 levels left

rFire   . . .        b - +0 dagger
rCold   . . .        (no shield)
rNeg    . . .        (helmet restricted)
rPois   .            (no amulet)
rElec   .            m - +6 ring of dexterity
rCorr   .            (no ring)
SInv    .            (no ring)
Will    .....        (no ring)
Stlth   ++++         (no ring)
HPRegen 0.23/turn    (no ring)
MPRegen 0.10/turn    (no ring)
                     (no ring)

%: no passive effects
@: no status effects
A: almost no armour, amphibious, 8 rings, camouflage 1, gelatinous body 1,
(nimble swimmer 1), tentacles
a: no special abilities


You were on level 2 of the Dungeon.
You visited 1 branch of the dungeon, and saw 2 of its levels.

You collected 97 gold pieces.
You spent 55 gold pieces at shops.

Inventory:

Hand Weapons
 b - a +0 dagger (weapon)
Jewellery
 m - a +6 ring of dexterity (left tentacle)
Scrolls
 c - 2 scrolls of amnesia {unknown}
 e - a scroll of enchant weapon {unknown}
 f - a scroll of identify {unknown}
 h - a scroll of enchant armour {unknown}
 k - 2 scrolls of vulnerability {unknown}
 n - a scroll of teleportation {unknown}
Potions
 a - 2 potions of magic
 d - a potion of berserk rage {unknown}
 g - a potion of haste
 i - a potion of resistance {unknown}
 j - a potion of curing {unknown}
 l - a potion of lignification {unknown}


   Skills:
 + Level 0.2 Fighting
 + Level 2.3 Dodging
 + Level 3.0 Stealth
 + Level 2.5 Spellcasting
 + Level 1.0 Transmutations
 + Level 3.9 Earth Magic


You had 6 spell levels left.
You knew the following spells:

 Your Spells              Type           Power      Damage    Failure   Level
a - Sandblast             Erth           30%        2d9       3%          1

Your spell library contained the following spells:

 Spells                   Type           Power      Damage    Failure   Level
 Passwall                 Tmut/Erth      8%         N/A       10%         2
 Stone Arrow              Conj/Erth      16%        3d8       24%         3
 Petrify                  Tmut/Erth      10%        N/A       54%         4


Dungeon Overview and Level Annotations

Branches:
Dungeon (2/15)

Altars:
Kikubaaqudgha

Shops:
D:1 *   D:2 *

Annotations:
D:2 Sigmund


Innate Abilities, Weirdness & Mutations

You cannot wear most types of armour.
You are amphibious.
You can wear up to eight rings at the same time.
Your skin changes colour to match your surroundings (Stealth+).
Your rubbery body absorbs attacks. (AC +1, EV +1)
((You are camouflaged when in or above water. (Stealth+)))
You have tentacles for arms and can constrict up to eight enemies at once.


Message History

You can access your shopping list by pressing '$'.
You now have 32 gold pieces (gained 14).
Found 5 stones.
You see here 5 stones.
You see here a +0 sling.
You now have enough gold to buy a scroll of teleportation on D:1.
You can access your shopping list by pressing '$'.
You now have 42 gold pieces (gained 10).
Key pressed, stopping explore.
You open the door.
There is an open door here.
You see here a rat skeleton.
Sigmund the Dreaded comes into view.
He is wielding a +0 scythe.
Sigmund shouts!
Sigmund is nearby!
Sigmund hits you from afar with a +0 scythe.
The blast of sand hits Sigmund!
Sigmund is moderately wounded.
Sigmund drinks a potion.
Sigmund seems to speed up.
Sigmund hits you with a +0 scythe!
Ouch! That really hurt!
Sigmund is nearby!
Casting: Sandblast (safe; 3% risk of failure)
Confirm with . or Enter, or press ? or * to list all spells.
Aiming: Sandblast (safe; 3% risk of failure)
Press: ? - help, Shift-Dir - straight line, f - Sigmund
Aim: Sigmund, wielding a +0 scythe and wearing a +0 robe (moderately wounded, fast, 80% to hit)
The blast of sand hits Sigmund but does no damage.
Sigmund is moderately wounded.
Sigmund closely misses you.
Casting: Sandblast (safe; 3% risk of failure)
Confirm with . or Enter, or press ? or * to list all spells.
Aiming: Sandblast (safe; 3% risk of failure)
Press: ? - help, Shift-Dir - straight line, f/p - Sigmund
Aim: Sigmund, wielding a +0 scythe and wearing a +0 robe (moderately wounded, fast, 80% to hit)
The blast of sand hits Sigmund.
Sigmund is moderately wounded.
Sigmund barely misses you. Sigmund hits you with a +0 scythe!
Ouch! That really hurt!
You die...

#.#...# #.#...#
#.#...# #.#...#
#.#...#
#.#...#######
#.#.........#
......>####.########
.....(......#...@@.#
####.#<######.####.#
## #..........)..# #
.# #.#.#..###.##.#
~# #.#.##..##..#.#
≈# #.#.###.....#.#
≈# #.#.# ###...#.#
≈# #.#.# #.#.#.# ≈#
#.#.# #.#.#.# #


You could see Sigmund (fast).

Vanquished Creatures
  An adder (D:2)
  A worm (D:2)
  3 endoplasms
  3 goblins
  3 hobgoblins
  2 jackals (D:1)
  9 kobolds
  6 quokkas
  3 ball pythons
  2 bats (D:1)
  2 frilled lizards
  3 rats
38 creatures vanquished.

Notes
Turn   | Place    | Note
-------+----------+-------------------------------------------
     0 | D:1      | Atelerd the Octopode Earth Elementalist began the quest for
                  | the Orb.
     0 | D:1      | Reached XP level 1. HP: 11/11 MP: 3/3
   138 | D:1      | Found Rucoq's General Store.
   149 | D:1      | Reached XP level 2. HP: 17/17 MP: 1/5
   602 | D:1      | Reached XP level 3. HP: 21/21 MP: 4/6
   972 | D:2      | Found an ancient bone altar of Kikubaaqudgha.
  1014 | D:2      | Found Tueh's Assorted Antiques.
  1018 | D:2      | Bought a fuming golden potion for 17 gold pieces
  1018 | D:2      | Bought 2 scrolls labelled ZYUMMO DAANU for 38 gold pieces
  1390 | D:2      | Noticed Sigmund
  1395 | D:2      | Slain by Sigmund

Illustrated notes

Levels and vault maps discovered:
D:1:      heliophobic_arrival_ceremonial_halls, layout_rooms, serial_shops,
          shop, minmay_pentomino_s4
D:2:      minmay_kobold_bridge, layout_basic, basic_altar, serial_shops,
          nicolae_shop_crystal, uniq_sigmund

Skill      XL: |  1  2  3 |
---------------+----------+-----
Stealth        | 3 |  3.0
Fighting       | |  0.2
Dodging        | |  2.3
Spellcasting   | |  2.5
Transmutations | |  1.0
Earth Magic    | |  3.9

Action                     || total
---------------------------++-------
  Melee: Unarmed           ||     2
         Dagger            ||     8
         Constrict         ||     3
   Cast: Sandblast         ||    50
 Armour: Skin              ||     1
  Dodge: Dodged            ||    21
